SAA
SAN BERNARDINO GRASSHOPPERS @ VIRGINIA BEACH DEUCES
05/05/2021
 
TOP OF THE 1ST
San Bernardino Grasshoppers batting - Pitching for Virginia Beach Deuces : LHP Jim Unknown
Pitching: LHP Jim Unknown
Batting: RHB Alfonso Enríquez 0-0: Ball
1-0: Called Strike
1-1: Foul Ball, location: 2F
1-2: Strikes out swinging, 2-3 out at first.
Batting: RHB Dale O'Sullivan 0-0: Fly out, F3 (Popup, 3F)
Batting: RHB Tom Christensen 0-0: Swinging Strike
0-1: Ball
1-1: Ball
2-1: Ball
3-1: Called Strike
3-2: Foul Ball, location: 2F
3-2: Ground out 4-3 (Groundball, 4)
Top of the 1st over - 0 run(s), 0 hit(s), 0 error(s), 0 left on base; San Bernardino 0 - Virginia Beach 0
BOTTOM OF THE 1ST
Virginia Beach Deuces batting - Pitching for San Bernardino Grasshoppers : LHP Homer Shafer
Pitching: LHP Homer Shafer
Batting: RHB Pedro Longoria 0-0: Ground out 3-1 (Groundball, 34)
Batting: RHB Steve Ormston 0-0: Swinging Strike
0-1: Foul Ball, location: 2F
0-2: SINGLE (Flyball, 9LS)
Batting: RHB Jim Unknown 0-0: Ball
1-0: Ball
2-0: Ball
3-0: Called Strike
3-1: SINGLE (Line Drive, 78M)
Steve Ormston to second
Batting: RHB Peter Baker 0-0: Ball
1-0: Ball
2-0: Fly out, F4 (Popup, 4D)
Batting: RHB Jim Unknown 0-0: Ball
1-0: Ball
2-0: Foul Ball, location: 2F
2-1: Fly out, F7 (Flyball, 78D)
Bottom of the 1st over - 0 run(s), 2 hit(s), 0 error(s), 2 left on base; San Bernardino 0 - Virginia Beach 0
TOP OF THE 2ND
San Bernardino Grasshoppers batting - Pitching for Virginia Beach Deuces : LHP Jim Unknown
Batting: RHB Andrew Floyd 0-0: Ball
1-0: Ball
2-0: Called Strike
2-1: Called Strike
2-2: TRIPLE (Line Drive, 9LM)
Batting: RHB Arlen King 0-0: Ball
1-0: Called Strike
1-1: Ball
2-1: SINGLE (Line Drive, 34D)
Andrew Floyd scores
Batting: RHB Cal Robinson 0-0: Foul Ball, location: 2F
0-1: Ball
1-1: Ball
2-1: Ball
3-1: Called Strike
3-2: Foul Ball, location: 2F
3-2: Foul Ball, location: 2F
3-2: Foul Ball, location: 2F
3-2: Foul Ball, location: 2F
3-2: Foul Ball, location: 2F
3-2: Grounds into double play, U6-3 (Groundball, 6M)
Batting: RHB Bryan Armstrong 0-0: Swinging Strike
0-1: Fly out, F9 (Flyball, 89M)
Top of the 2nd over - 1 run(s), 2 hit(s), 0 error(s), 0 left on base; San Bernardino 1 - Virginia Beach 0
BOTTOM OF THE 2ND
Virginia Beach Deuces batting - Pitching for San Bernardino Grasshoppers : LHP Homer Shafer
Batting: LHB Jim Unknown 0-0: Ball
1-0: Called Strike
1-1: Swinging Strike
1-2: Strikes out looking
Batting: RHB Jim Unknown 0-0: Ball
1-0: Fly out, F9 (Line Drive, 9M)
Batting: LHB Álex Burgos 0-0: Ball
1-0: Ball
2-0: Ground out 4-3 (Groundball, 34)
Bottom of the 2nd over - 0 run(s), 0 hit(s), 0 error(s), 0 left on base; San Bernardino 1 - Virginia Beach 0
TOP OF THE 3RD
San Bernardino Grasshoppers batting - Pitching for Virginia Beach Deuces : LHP Jim Unknown
Batting: RHB Justin Roberts 0-0: Ball
1-0: Called Strike
1-1: Foul Ball, location: 2F
1-2: Ball
2-2: Ball
3-2: Strikes out swinging
Batting: SHB Bernardo Hernández 0-0: Ball
1-0: Foul Ball, location: 2F
1-1: Ball
2-1: DOUBLE (Flyball, 7M)
Batting: RHB Alfonso Enríquez 0-0: Swinging Strike
0-1: Swinging Strike
0-2: Foul Ball, location: 2F
0-2: Strikes out looking
Batting: RHB Dale O'Sullivan 0-0: Ball
1-0: Swinging Strike
1-1: SINGLE (Groundball, 5D)
Bernardo Hernández to third
Runner from 3rd tries for Home, SAFE, throw made home
Dale O'Sullivan to second
Batting: RHB Tom Christensen 0-0: SINGLE (Line Drive, 78S)
Dale O'Sullivan to third
Runner from 3rd tries for Home, SAFE, no throw or cutoff
Batting: RHB Andrew Floyd 0-0: Ball
1-0: Called Strike
1-1: Ground out 6-3 (Groundball, 6)
Top of the 3rd over - 2 run(s), 3 hit(s), 0 error(s), 1 left on base; San Bernardino 3 - Virginia Beach 0
BOTTOM OF THE 3RD
Virginia Beach Deuces batting - Pitching for San Bernardino Grasshoppers : LHP Homer Shafer
Batting: LHB Carl Gore 0-0: Called Strike
0-1: Ball
1-1: Foul Ball, location: 2F
1-2: Foul Ball, location: 2F
1-2: Foul Ball, location: 2F
1-2: Foul Ball, location: 2F
1-2: Ball
2-2: Strikes out swinging
Batting: RHB Pedro Longoria 0-0: Ball
1-0: Called Strike
1-1: Called Strike
1-2: Ball
2-2: Foul Ball, location: 2F
2-2: Ball
3-2: Base on Balls
Batting: RHB Steve Ormston 0-0: Ball
1-0: Ball
2-0: Foul Ball, location: 2F
2-1: Foul Ball, location: 2F
2-2: Fly out, F9 (Flyball, 89M)
Batting: RHB Jim Unknown 0-0: Ball
1-0: Ball
2-0: Foul Ball, location: 2F
2-1: Foul Ball, location: 2F
2-2: Foul Ball, location: 2F
2-2: Fly out, F7 (Flyball, 7LM)
Bottom of the 3rd over - 0 run(s), 0 hit(s), 0 error(s), 1 left on base; San Bernardino 3 - Virginia Beach 0
TOP OF THE 4TH
San Bernardino Grasshoppers batting - Pitching for Virginia Beach Deuces : LHP Jim Unknown
Batting: RHB Arlen King 0-0: Ball
1-0: Fly out, F4 (Popup, 34D)
Batting: RHB Cal Robinson 0-0: Ball
1-0: Called Strike
1-1: DOUBLE (Line Drive, 9LM)
Batting: RHB Bryan Armstrong 0-0: Ball
Cal Robinson steals 3rd base
1-0: Ball
2-0: Called Strike
2-1: Called Strike
Steal of home, Cal Robinson is out
2-2: Strikes out looking
Top of the 4th over - 0 run(s), 1 hit(s), 0 error(s), 0 left on base; San Bernardino 3 - Virginia Beach 0
BOTTOM OF THE 4TH
Virginia Beach Deuces batting - Pitching for San Bernardino Grasshoppers : LHP Homer Shafer
Batting: RHB Peter Baker 0-0: Ball
1-0: Foul Ball, location: 2F
1-1: Ground out 6-3 (Groundball, 6)
Batting: RHB Jim Unknown 0-0: Ball
1-0: Fly out, F8 (Flyball, 8RXD)
Batting: LHB Jim Unknown 0-0: Foul Ball, location: 2F
0-1: Ball
1-1: Ball
2-1: Ball
3-1: Foul Ball, location: 2F
3-2: Foul Ball, location: 2F
3-2: Strikes out swinging
Bottom of the 4th over - 0 run(s), 0 hit(s), 0 error(s), 0 left on base; San Bernardino 3 - Virginia Beach 0
TOP OF THE 5TH
San Bernardino Grasshoppers batting - Pitching for Virginia Beach Deuces : LHP Jim Unknown
Batting: RHB Justin Roberts 0-0: Ball
1-0: Foul Ball, location: 2F
1-1: Swinging Strike
1-2: Strikes out looking
Batting: SHB Bernardo Hernández 0-0: SINGLE (Line Drive, 78M)
Batting: RHB Alfonso Enríquez 0-0: Ball
1-0: Ball
2-0: Fielders Choice at 2nd, 6-4 (Groundball, 6)
Batting: RHB Dale O'Sullivan 0-0: Called Strike
0-1: Called Strike
0-2: Ball
1-2: Ground out 5-3 (Groundball, 5S)
Top of the 5th over - 0 run(s), 1 hit(s), 0 error(s), 1 left on base; San Bernardino 3 - Virginia Beach 0
BOTTOM OF THE 5TH
Virginia Beach Deuces batting - Pitching for San Bernardino Grasshoppers : LHP Homer Shafer
Batting: RHB Jim Unknown 0-0: Called Strike
0-1: Foul Ball, location: 2F
0-2: Fly out, F7 (Flyball, 7LS)
Batting: LHB Álex Burgos 0-0: Ball
1-0: SINGLE (Flyball, 78S)
Batting: LHB Carl Gore 0-0: Called Strike
0-1: Foul Ball, location: 2F
0-2: Grounds into double play, U4-3 (Groundball, 4)
Bottom of the 5th over - 0 run(s), 1 hit(s), 0 error(s), 0 left on base; San Bernardino 3 - Virginia Beach 0
TOP OF THE 6TH
San Bernardino Grasshoppers batting - Pitching for Virginia Beach Deuces : LHP Jim Unknown
Batting: RHB Tom Christensen 0-0: Ground out 5-3 (Groundball, 5L)
Batting: RHB Andrew Floyd 0-0: Called Strike
0-1: Ball
1-1: Called Strike
1-2: Foul Ball, location: 2F
1-2: Ball
2-2: SOLO HOME RUN (Flyball, 9D), Distance : 370 ft
Batting: RHB Arlen King 0-0: Ball
1-0: Called Strike
1-1: Foul Ball, location: 2F
1-2: Strikes out swinging
Batting: RHB Cal Robinson 0-0: Foul Ball, location: 2F
0-1: Ground out 4-3 (Groundball, 4M)
Top of the 6th over - 1 run(s), 1 hit(s), 0 error(s), 0 left on base; San Bernardino 4 - Virginia Beach 0
BOTTOM OF THE 6TH
Virginia Beach Deuces batting - Pitching for San Bernardino Grasshoppers : LHP Homer Shafer
Batting: RHB Pedro Longoria 0-0: Ball
1-0: Called Strike
1-1: Ground out 6-3 (Groundball, 6)
Batting: RHB Steve Ormston 0-0: Called Strike
0-1: Swinging Strike
0-2: Ball
1-2: Foul Ball, location: 2F
1-2: Strikes out looking
Batting: RHB Jim Unknown 0-0: Called Strike
0-1: Ball
1-1: Foul Ball, location: 2F
1-2: Foul Ball, location: 2F
1-2: Foul Ball, location: 2F
1-2: Fly out, F7 (Flyball, 78D)
Bottom of the 6th over - 0 run(s), 0 hit(s), 0 error(s), 0 left on base; San Bernardino 4 - Virginia Beach 0
TOP OF THE 7TH
San Bernardino Grasshoppers batting - Pitching for Virginia Beach Deuces : LHP Jim Unknown
Batting: RHB Bryan Armstrong 0-0: Ball
1-0: Ball
2-0: Foul Ball, location: 2F
2-1: Ball
3-1: Base on Balls
Pitching: LHP Víctor Padilla
Batting: RHB Justin Roberts 0-0: Grounds into double play, 6-4-3 (Groundball, 6)
Batting: SHB Bernardo Hernández 0-0: Ball
1-0: Swinging Strike
1-1: Foul Ball, location: 2F
1-2: Ball
2-2: Foul Ball, location: 2F
2-2: Foul Ball, location: 2F
2-2: Fly out, F7 (Flyball, 7S)
Top of the 7th over - 0 run(s), 0 hit(s), 0 error(s), 0 left on base; San Bernardino 4 - Virginia Beach 0
BOTTOM OF THE 7TH
Virginia Beach Deuces batting - Pitching for San Bernardino Grasshoppers : LHP Homer Shafer
Batting: RHB Peter Baker 0-0: Ball
1-0: SINGLE (Groundball, 56D)
Batting: RHB Jim Unknown 0-0: Fly out, F7 (Flyball, 78S)
Batting: LHB Jim Unknown 0-0: Ball
1-0: Ground out 5-3 (Groundball, 56S)
Peter Baker to second
Batting: RHB Jim Unknown 0-0: Ball
1-0: Ball
2-0: Ball
3-0: Called Strike
3-1: Called Strike
3-2: Base on Balls
Batting: LHB Álex Burgos 0-0: Foul Ball, location: 2F
0-1: Ball
1-1: Called Strike
1-2: Foul Ball, location: 2F
1-2: Ground out 4-3 (Groundball, 4)
Bottom of the 7th over - 0 run(s), 1 hit(s), 0 error(s), 2 left on base; San Bernardino 4 - Virginia Beach 0
TOP OF THE 8TH
San Bernardino Grasshoppers batting - Pitching for Virginia Beach Deuces : LHP Víctor Padilla
Batting: RHB Alfonso Enríquez 0-0: Foul Ball, location: 2F
0-1: Ball
1-1: Ball
2-1: Ground out 5-3 (Groundball, 56S)
Batting: RHB Dale O'Sullivan 0-0: Ball
1-0: Foul Ball, location: 2F
1-1: Ball
2-1: Foul Ball, location: 2F
2-2: Foul Ball, location: 2F
2-2: Ground out U3 (Groundball, 3S)
Batting: RHB Tom Christensen 0-0: Called Strike
0-1: Ball
1-1: Ball
2-1: Swinging Strike
2-2: Strikes out swinging
Top of the 8th over - 0 run(s), 0 hit(s), 0 error(s), 0 left on base; San Bernardino 4 - Virginia Beach 0
BOTTOM OF THE 8TH
Virginia Beach Deuces batting - Pitching for San Bernardino Grasshoppers : LHP Homer Shafer
Batting: LHB Carl Gore 0-0: Ball
1-0: Fly out, F8 (Flyball, 8RD)
Batting: RHB Pedro Longoria 0-0: Ball
1-0: Ball
2-0: SOLO HOME RUN (Line Drive, 7LD), Distance : 382 ft
Batting: RHB Steve Ormston 0-0: Foul Ball, location: 2F
0-1: DOUBLE (Groundball, 5L)
Batting: RHB Jim Unknown 0-0: Ball
1-0: Called Strike
1-1: Ball
2-1: Ball
3-1: Foul Ball, location: 2F
3-2: Fly out, F7 (Flyball, 78XD)
Runner from 2nd tags up, SAFE at 3rd, no throw
Batting: RHB Peter Baker 0-0: Ball
1-0: Called Strike
1-1: Foul Ball, location: 2F
1-2: Ground out 5-3 (Groundball, 56)
Bottom of the 8th over - 1 run(s), 2 hit(s), 0 error(s), 1 left on base; San Bernardino 4 - Virginia Beach 1
TOP OF THE 9TH
San Bernardino Grasshoppers batting - Pitching for Virginia Beach Deuces : LHP Víctor Padilla
Batting: RHB Andrew Floyd 0-0: SINGLE (Line Drive, 6MD)
Batting: RHB Arlen King 0-0: Ball
1-0: Ball
2-0: Called Strike
2-1: Foul Ball, location: 2F
2-2: Ball
3-2: Fly out, F7 (Line Drive, 7M)
3-2: Fly out, F7 (Line Drive, 7M)
Batting: RHB Cal Robinson 0-0: Ball
1-0: Swinging Strike
1-1: Foul Ball, location: 2F
1-2: Reached on error, E1 (Groundball, 15)
Andrew Floyd to second
Batting: RHB Bryan Armstrong 0-0: Called Strike
0-1: SINGLE (Line Drive, 56)
Andrew Floyd to third
Cal Robinson to second
Batting: RHB Justin Roberts 0-0: Called Strike
0-1: Swinging Strike
0-2: Foul Ball, location: 2F
0-2: Foul Ball, location: 2F
0-2: Ball
1-2: SINGLE (Groundball, 56)
Andrew Floyd scores
Cal Robinson to third
Bryan Armstrong to second
Batting: SHB Bernardo Hernández 0-0: Foul Ball, location: 2F
0-1: Ball
1-1: Ball
2-1: Swinging Strike
2-2: Fly out, F3 (Popup, 34)
Batting: RHB Alfonso Enríquez 0-0: Ball
1-0: Ball
2-0: Foul Ball, location: 2F
2-1: Foul Ball, location: 2F
2-2: Ball
3-2: Base on Balls
Cal Robinson scores
Bryan Armstrong to third
Justin Roberts to second
Batting: RHB Dale O'Sullivan 0-0: Ball
1-0: Called Strike
1-1: Ball
2-1: Ball
3-1: Fielders Choice at 2nd, 5-4 (Groundball, 5)
Top of the 9th over - 2 run(s), 3 hit(s), 1 error(s), 2 left on base; San Bernardino 6 - Virginia Beach 1
BOTTOM OF THE 9TH
Virginia Beach Deuces batting - Pitching for San Bernardino Grasshoppers : LHP Homer Shafer
Now at 2B: Cecil Cole
Batting: RHB Jim Unknown 0-0: Ball
1-0: Called Strike
1-1: Ground out U3 (Groundball, 3)
Batting: LHB Jim Unknown 0-0: Ball
1-0: Ball
2-0: Called Strike
2-1: Ground out 4-3 (Groundball, 34D)
Pitching: RHP Richard Brown
Batting: RHB Jim Unknown 0-0: Ball
1-0: Called Strike
1-1: Swinging Strike
1-2: Foul Ball, location: 2F
1-2: Strikes out looking
Bottom of the 9th over - 0 run(s), 0 hit(s), 0 error(s), 0 left on base; San Bernardino 6 - Virginia Beach 1
This league is powered by Out of the Park Baseball, the baseball management simulation game for PC, Mac and Linux
Friday, January 22nd, 2016 - OOTP Baseball 16.9 Build 39